 Dungeon Crawl Stone Soup version 0.32-a0-120-gfac0567ad4 (webtiles) character file.

Game seed: 2206389691906242974

38 Daunt the Chopper (level 3, -3/31 HPs)
             Began as a Minotaur Chaos Knight on Feb 6, 2024.
             Was a Plaything of Xom.
             Slain by Terence
             ... wielding a +1 mace of protection
              (5 damage)
             ... on level 2 of the Dungeon.
             The game lasted 00:01:41 (616 turns).

Daunt the Chopper (Minotaur Chaos Knight)            Turns: 616, Time: 00:01:42

Health: -3/31      AC:  5    Str: 18    XL:     3   Next: 25%
Magic:  2/2        EV: 11    Int:  9    God:    Xom [..*...]
Gold:   77         SH:  0    Dex:  9    Spells: 2/2 levels left

rFire   . . .        a - +0 hand axe (chaos)
rCold   . . .        (no shield)
rNeg    . . .        b - +2 leather armour
rPois   .            (helmet restricted)
rElec   .            (no cloak)
rCorr   .            (no gloves)
SInv    .            (no boots)
Will    .....        (no amulet)
Stlth   +            (no ring)
HPRegen 0.25/turn    (no ring)
MPRegen 0.08/turn

%: no passive effects
@: no status effects
A: horns 2, retaliatory headbutt
a: Renounce Religion


You were on level 2 of the Dungeon.
You worshipped Xom.
You were a toy of Xom.
You visited 1 branch of the dungeon, and saw 2 of its levels.

You collected 77 gold pieces.

Inventory:

Hand Weapons
 a - a +0 hand axe of chaos (weapon)
Missiles
 e - 9 stones (quivered)
 g - 5 poisoned darts
Armour
 b - a +2 leather armour (worn)
Scrolls
 c - a scroll of butterflies
 f - 4 scrolls of teleportation {unknown}
 h - a scroll of identify {unknown}
Potions
 d - a potion of heal wounds {unknown}


   Skills:
 - Level 3.6 Fighting
 + Level 5.3 Axes
 - Level 2.4 Armour
 - Level 1.1 Dodging


You had 2 spell levels left.
You didn't know any spells.
Your spell library contained the following spells:

 Spells                   Type           Power      Damage    Failure   Level
 Dazzling Flash           Conj/Hex       0%         N/A       82%         3
 Mephitic Cloud           Conj/Alch/Air  0%         N/A       82%         3
 Curse of Agony           Necr           0%         N/A       100%        5
 Silence                  Hex/Air        0%         N/A       100%        5


Dungeon Overview and Level Annotations

Branches:
Dungeon (2/15) Zot: 11378

Altars:

Annotations:
D:2 Terence


Innate Abilities, Weirdness & Mutations

You have a pair of horns on your head.
You reflexively headbutt those who attack you in melee.


Message History

* * * LOW HITPOINT WARNING * * *
You struggle to detach yourself from the web.
The ribbon worm bites you.
* * * LOW HITPOINT WARNING * * *
The web tears apart.
Terence screams, "I want your blood!"
You hit the ribbon worm.
The ribbon worm is poisoned.
The ribbon worm is heavily wounded.
The ribbon worm expels a string of sticky webbing.
The stream of webbing hits you but does no damage.
You are caught in a web!
You struggle to detach yourself from the web.
The ribbon worm expels a string of sticky webbing.
The stream of webbing hits you but does no damage.
You are even more entangled.
Unknown command.
Unknown command.
You struggle to detach yourself from the web.
The ribbon worm bites you.
* * * LOW HITPOINT WARNING * * *
You struggle to detach yourself from the web.
The ribbon worm bites you but does no damage.
You struggle to detach yourself from the web.
The ribbon worm looks more healthy.
You struggle to detach yourself from the web.
The ribbon worm completely misses you. You furiously retaliate!
You headbutt the ribbon worm.
The web tears apart.
The ribbon worm bites you.
* * * LOW HITPOINT WARNING * * *
You hit the ribbon worm.
The ribbon worm is poisoned.
You headbutt the ribbon worm.
You kill the ribbon worm!
You hit Terence.
You feel better.
You headbutt Terence.
Terence is heavily wounded.
Terence barely misses you.
You hit Terence. You freeze Terence.
Terence is almost dead.
Terence hits you with a +1 mace of protection.
You die...
Terence says, "Time to find some more victims."

.?............ ...
.............
.................
.... ...........
..... ........
...####.#..## .
...##.....# . .
#.##.....#### .#..
#@@.........##...
###...(........##
#.......##....
#......##..## #######
##......>.#
#.....####.....#..#
#.##...##...####.....
#.#..........#
#.####..
#.)...<.......##.#


You could see Terence.

Vanquished Creatures
  A ribbon worm (D:2)
  3 dart slugs
  2 ball pythons
  A bat (D:1)
  2 giant cockroaches (D:1)
  4 hobgoblins
  3 jackals (D:1)
  2 quokkas (D:1)
  A frilled lizard (D:1)
  4 goblins
  2 rats (D:1)
25 creatures vanquished.

Notes
Turn   | Place    | Note
-------+----------+-------------------------------------------
     0 | D:1      | Daunt the Minotaur Chaos Knight began the quest for the
                  | Orb.
     0 | D:1      | Reached XP level 1. HP: 19/19 MP: 0/0
    72 | D:1      | Reached skill level 4 in Axes
   103 | D:1      | Reached XP level 2. HP: 26/26 MP: 1/1
   115 | D:1      | Found a faded altar of an unknown god.
   293 | D:1      | Reached skill level 5 in Axes
   573 | D:2      | Reached XP level 3. HP: 24/31 MP: 2/2
   585 | D:2      | Noticed Terence
   613 | D:2      | HP: 1/31 [ribbon worm (3)]
   616 | D:2      | Slain by Terence

Illustrated notes

Levels and vault maps discovered:
D:1:      amcnicky_arrival_flooded_fountain, layout_basic,
          basic_ecumenical_altar, hangedman_decor_push
D:2:      layout_rooms, serial_forest, infiniplex_forest_clump_cross,
          infiniplex_forest_lined_ring, infiniplex_forest_clump_diagonal,
          infiniplex_forest_side_room, infiniplex_forest_straight_4,
          infiniplex_forest_zigzag_1, minmay_bisected, uniq_sigmund,
          uniq_terence, uniq_robin

Skill      XL: |  1  2 |
---------------+-------+-----
Axes           | 4 5 |  5.3
Fighting       | |  3.6
Armour         | |  2.4
Dodging        | |  1.1

Action                     || total
---------------------------++-------
  Melee: Hand axe          ||    60
         Headbutt          ||     7
 Armour: Leather armour    ||    49
  Dodge: Dodged            ||    25

Table legend: (Time is in decaauts)
 A = Elapsed time spent in this place.
 B = Non-inter-level travel time spent in this place.
 C = Inter-level travel time spent in this place.
 D = Time resting spent in this place.
 E = Time spent auto-exploring this place.
 F = Levels seen in this place.
 G = Mean time per level.
                   A        B        C        D        E       F      G
               +--------+--------+--------+--------+--------+-----+--------+
         Total |    620 |    611 |      9 |      0 |    422 |   2 |  310.0 |
       Dungeon |    620 |    611 |      9 |      0 |    422 |   2 |  310.0 |
               +--------+--------+--------+--------+--------+-----+--------+

Top non-repeatable levels by time:
     D:1: 549 daAuts
     D:2: 71 daAuts
